 Dungeon Crawl Stone Soup version 0.25-a0-73-g9796ba8d15 (webtiles) character file.

Game seed: 14869716262357471852, levelgen mode: deterministic

21 MrRokkomies the Vexing (level 2, -2/19 HPs)
             Began as a Vampire Enchanter on Nov 5, 2019.
             Slain by a kobold
             ... wielding a +0 dagger
              (6 damage)
             ... on level 1 of the Dungeon.
             The game lasted 00:01:20 (360 turns).

MrRokkomies the Vexing (Vampire Enchanter)           Turns: 360, Time: 00:01:20

Health: -2/19      AC:  2    Str:  7    XL:     2   Next: 65%
Magic:  5/5        EV: 12    Int: 17    God:
Gold:   22         SH:  0    Dex: 14    Spells: 4/5 levels left

rFire    . . .     SeeInvis +   a - +1 dagger
rCold    . . .     Gourm    .   (no shield)
rNeg     . . .     Faith    .   b - +0 robe
rPois    .         Spirit   .   (no helmet)
rElec    .         Reflect  .   (no cloak)
rCorr    .         Harm     .   (no gloves)
MR       .....                  (no boots)
Stlth    +++.......             (no amulet)
HPRegen  0.26/turn              (no ring)
MPRegen  0.09/turn              (no ring)

@: regenerating quickly
A: no food, fangs 3, see invisible, unbreathing
a: Exsanguinate


You were on level 1 of the Dungeon.
You were alive.

You visited 1 branch of the dungeon, and saw 1 of its levels.

You collected 22 gold pieces.

Inventory:

Hand Weapons
 a - a +1 dagger (weapon)
Armour
 b - a +0 robe (worn)
Scrolls
 e - a scroll of enchant weapon {unknown}
 f - a scroll of remove curse {unknown}
 g - a scroll of magic mapping {unknown}
 h - 2 scrolls of teleportation {unknown}
Potions
 c - 2 potions of might {unknown}
 d - a potion of lignification {unknown}


   Skills:
 * Level 2.0 Short Blades
 - Level 2.1 Dodging
 + Level 4.8 Stealth
 - Level 2.0 Spellcasting
 * Level 5.0 Hexes


You had 4 spell levels left.
You knew the following spells:

 Your Spells              Type           Power        Failure   Level  Hunger
a - Corona                Hex            ###....      2%          1    N/A

Your spell library contained the following spells:

 Spells                   Type           Power        Failure   Level  Hunger
 Confuse                  Hex            ###.....     8%          3    N/A
 Tukima's Dance           Hex            ###.....     8%          3    N/A
 Ensorcelled Hibernation  Hex/Ice        ##....       11%         2    N/A
 Dazzling Spray           Conj/Hex       ##....       21%         3    N/A

Dungeon Overview and Level Annotations

Branches:
Dungeon (1/15)

Altars:


Innate Abilities, Weirdness & Mutations

You do not eat.
Your natural rate of healing is unusually fast.
You have razor-sharp teeth.
You have supernaturally acute eyesight. (SInv)
You can survive without breathing.


Message History

* * * LOW HITPOINT WARNING * * *
The leopard gecko bites you but does no damage.
You hit the leopard gecko.
You kill the leopard gecko!
The bat hits you but does no damage.
You closely miss the kobold. The kobold hits you but does no damage.
You hit the kobold.
The kobold is moderately wounded.
The kobold misses you.
You completely miss the kobold. You bite the kobold, but do no damage.
The kobold is moderately wounded.
The kobold hits you with a +0 dagger.
* * * LOW HITPOINT WARNING * * *
You closely miss the kobold.
The kobold is moderately wounded.
The kobold hits you but does no damage.
You miss the kobold.
The kobold is moderately wounded.
The kobold hits you with a +0 dagger.
You die...

#..........#
#######..###
#....# ..
##.##.##
....####......##
...........#...+
...........#..##
......b.#K##...#
........##@..#.#
$..........?...#
...........###..#
.........#.# .#
.........#.#
........#.# .....
#.# ##### ...


You could see a kobold.

Vanquished Creatures
  An ooze (D:1)
  A dart slug (D:1)
  2 leopard geckos (D:1)
  2 bats (D:1)
  A giant cockroach (D:1)
  4 kobolds (D:1)
  3 rats (D:1)
14 creatures vanquished.

Notes
Turn   | Place    | Note
-------+----------+-------------------------------------------
     0 | D:1      | MrRokkomies the Vampire Enchanter began the quest for the
                  | Orb.
     0 | D:1      | Reached XP level 1. HP: 13/13 MP: 3/3
    92 | D:1      | Reached XP level 2. HP: 18/19 MP: 5/5
   303 | D:1      | Reached skill level 5 in Hexes
   360 | D:1      | Slain by a kobold

Levels and vault maps discovered:
D:1:      dpeg_arrival_rooms_c, layout_basic, minmay_heptomino_d4

Skill      XL: |  1  2 |
---------------+-------+-----
Short Blades   | 2 |  2.0
Hexes          | 5 |  5.0
Dodging        | |  2.1
Stealth        | |  4.8
Spellcasting   | |  2.0

Action                   || total
-------------------------++-------
Melee: Dagger            ||    52
       Bite              ||     3
 Stab: Sleeping          ||     4
Armor: Robe              ||    12
Dodge: Dodged            ||    22

Table legend:
 A = Non-vault XP
 B = Vault XP
 C = Vault XP percentage of total XP
 D = Non-vault monster count
 E = Vault monster count
 F = Vault count percentage of total count
                 A         B        C        D         E       F
            +---------+---------+-------+---------+---------+-------
      Total |      24 |       7 |  22.6 |      11 |       3 |  21.4
            +---------+---------+-------+---------+---------+-------
        D:1 |      24 |       7 |  22.6 |      11 |       3 |  21.4
            +---------+---------+-------+---------+---------+-------
